 Dungeon Crawl Stone Soup version 0.30.0-29-ga12c61a403 (webtiles) character file.

Game seed: 8654863115470399089

91921 ChadusMaximus the Convoker (level 15, -2/128 HPs)
             Began as a Red Draconian Summoner on June 22, 2023.
             Was an Initiate of Yredelemnul.
             Slain by an earth elemental (38 damage)
             ... on level 15 of the Dungeon.
             The game lasted 00:58:04 (26914 turns).

ChadusMaximus the Convoker (DrSu)                  Turns: 26914, Time: 00:58:05

Health: -2/128     AC: 13    Str:  8    XL:     15   Next: 56%
Magic:  22/32      EV: 15    Int: 28    God:    Yredelemnul [......]
Gold:   3134       SH:  0    Dex:  9    Spells: 18/41 levels left

rFire   + + .        Q - +3 spear of the Indestructible God {vamp, rN+}
rCold   + + .        (no shield)
rNeg    + . .        (body armour unavailable)
rPois   +            (helmet restricted)
rElec   .            I - scarf {repulsion}
rCorr   .            s - +0 pair of gloves of Intercession {rPois rF+ Dex-3 Stlth+}
SInv    .            b - +2 pair of boots "Fipnodiy" {Harm rC+ Regen+ Str-3}
Will    +....        i - amulet of magic regeneration
Stlth   +++          M - ring of protection from cold
HPRegen 1.21/turn    V - +6 ring of intelligence
MPRegen 0.63/turn

%: harm (+30% outgoing, +20% incoming), repel missiles
@: about to teleport
A: breathe fire, AC +9, unfitting armour, fire resistance 1, cold-blooded
a: Breathe Fire, Renounce Religion, Recall Undead Harvest


You were on level 15 of the Dungeon.
You worshipped Yredelemnul.
Yredelemnul was noncommittal.
You visited 4 branches of the dungeon, and saw 23 of its levels.
You also visited: Sewer, Ossuary and Ice Cave.

You collected 3994 gold pieces.
You spent 860 gold pieces at shops.

Inventory:

Hand Weapons
 Q - the +3 spear of the Indestructible God (weapon) {vamp, rN+}
   (You found it on level 2 of the Lair of Beasts)

   rN:        It protects you from negative energy.
 Y - a +2 halberd of freezing
Armour
 b - the +2 pair of boots "Fipnodiy" (worn) {Harm rC+ Regen+ Str-3}
   (You bought it in a shop on level 2 of the Orcish Mines)

   Str:       It affects your strength (-3).
   rC:        It protects you from cold.
   Regen:     It increases your rate of health regeneration.
   Harm:      It increases damage dealt and taken.
 s - the +0 pair of gloves of Intercession (worn) {rPois rF+ Dex-3 Stlth+}
   (You bought it in a shop on level 2 of the Orcish Mines)

   Dex:       It affects your dexterity (-3).
   rF:        It protects you from fire.
   rPois:     It protects you from poison.
   Stlth:     It makes you more stealthy.
 G - a +0 kite shield
 I - a scarf of repulsion (worn)
Jewellery
 i - an amulet of magic regeneration (around neck)
 o - a ring of poison resistance
 p - a +4 ring of protection
 J - an amulet of regeneration
 L - a ring of resist corrosion
 M - a ring of protection from cold (left hand)
 V - a +6 ring of intelligence (right hand)
Wands
 f - a wand of polymorph (13)
 u - a wand of iceblast (6)
 E - a wand of digging (18)
 H - a wand of mindburst (13)
 K - a wand of charming (13)
 N - a wand of quicksilver (11)
 X - a wand of flame (13)
Scrolls
 c - 5 scrolls of identify
 h - 3 scrolls of blinking
 j - 10 scrolls of teleportation
 k - 2 scrolls of poison
 l - 5 scrolls of fear
 n - 4 scrolls of immolation
 x - 3 scrolls of fog
 y - 3 scrolls of noise
 z - 2 scrolls of brand weapon
 A - a scroll of summoning
 D - 2 scrolls of silence
 P - a scroll of magic mapping {unknown}
 S - a scroll of torment
 T - 4 scrolls of enchant weapon
 U - 3 scrolls of amnesia
 Z - a scroll of enchant armour
Potions
 a - 2 potions of magic
 d - 9 potions of attraction
 e - a potion of berserk rage
 g - 5 potions of mutation
 m - 6 potions of lignification
 q - 10 potions of heal wounds
 r - a potion of might
 t - 5 potions of haste
 v - 3 potions of flight
 w - 17 potions of curing
 B - 2 potions of cancellation
 C - 2 potions of brilliance
 F - 3 potions of degeneration
 O - 5 potions of ambrosia
 R - a potion of invisibility
 W - 2 potions of resistance


   Skills:
 - Level 10.5 Fighting
 - Level 10.2 Dodging
 - Level 2.0 Stealth
 * Level 0.7 Shields
 + Level 13.6 Spellcasting
 * Level 18.6 Summonings
 - Level 7.5 Invocations


You had 18 spell levels left.
You knew the following spells:

 Your Spells              Type           Power      Damage    Failure   Level
a - Summon Small Mammal   Summ           100%       N/A       0%          1
b - Call Canine Familiar  Summ           89%        N/A       0%          3
c - Call Imp              Summ           100%       N/A       0%          2
d - Summon Lightning Spi  Summ/Air       63%        N/A       1%          4
e - Summon Hydra          Summ           44%        N/A       1%          7
f - Summon Cactus Giant   Summ           44%        N/A       1%          6

Your spell library contained the following spells:

 Spells                   Type           Power      Damage    Failure   Level
 Summon Guardian Golem    Hex/Summ       63%        N/A       1%          3
 Summon Forest            Summ/Tloc      31%        N/A       1%          5
 Apportation              Tloc           38%        N/A       2%          1
 Necrotise                Necr           76%        1d7       2%          1
 Scorch                   Fire           38%        2d7       4%          2
 Static Discharge         Conj/Air       38%        2-4/arc   4%          2
 Gell's Gravitas          Tloc           19%        N/A       9%          3
 Portal Projectile        Hex/Tloc       38%        N/A       9%          3
 Vampiric Draining        Necr           19%        2d7       9%          3
 Airstrike                Air            9%         2d(2-18)  28%         4
 Flame Wave               Conj/Fire      19%        2d7       28%         4
 Leda's Liquefaction      Hex/Erth       9%         N/A       28%         4
 Spellforged Servitor     Conj/Summ      31%        N/A       45%         7
 Agony                    Necr           19%        N/A       61%         5
 Blade Hands              Tmut           9%         N/A       61%         5
 Irradiate                Conj/Tmut      9%         3d14      61%         5
 Iskenderun's Battlesphe  Conj           19%        2d7       61%         5
 Eringya's Noxious Bog    Tmut/Pois      9%         N/A       99%         6
 Iron Shot                Conj/Erth      9%         9d3       99%         6
 Dragon Form              Tmut           9%         N/A       100%        7
 Ozocubu's Refrigeration  Ice            9%         4d9       100%        7
 Fire Storm               Conj/Fire      9%         8d3       100%        9
 Polar Vortex             Ice            9%         N/A       100%        9
 Simulacrum               Ice/Necr       Unusable   N/A       N/A         6

Dungeon Overview and Level Annotations

Branches:
Dungeon (15/15)            Temple (1/1) D:7            Lair (5/5) D:9
  Swamp (0/4) Lair:3        Snake (0/4) Lair:3        Slime (0/5) Lair:5
    Orc (2/2) D:9             Elf (0/3) Orc:2        Vaults (0/5) D:13
  Sewer (visited)         Ossuary (visited)           IceCv (visited)
 Depths: D:15

Altars:
Ashenzari
Cheibriados
Dithmenos
Elyvilon
Fedhas
Gozag
Kikubaaqudgha
Makhleb
Nemelex Xobeh
Okawaru
Qazlal
Ru
Sif Muna
Uskayaw
Vehumet
Wu Jian
Xom
Yredelemnul
The Shining One
Jiyva

Shops:
D:10 =   D:12 =   Orc:1 *   Orc:2 ?[[![

Portals:
Abyss: D:7
Trove: D:15 (give 12 potions of heal wounds)

Annotations:
D:7 2 transporters, kij's ghost, novice MiBe


Innate Abilities, Weirdness & Mutations

You can breathe blasts of fire.
Your fiery red scales are hard. (AC +9)
You cannot fit into any form of body armour.
Your flesh is heat resistant. (rF+)
You are cold-blooded and may be slowed by cold attacks.


Message History

Unknown command.
You hit the earth elemental.
The earth elemental is heavily damaged.
The earth elemental closely misses you.
You completely miss the earth elemental.
The earth elemental is heavily damaged.
The earth elemental hits you!!
* * * LOW HITPOINT WARNING * * *
You hear a shout!
You hit the earth elemental but do no damage.
The earth elemental is heavily damaged.
Unknown command.
Casting: Summon Lightning Spire (mildly dangerous; 1% risk of failure)
Confirm with . or Enter, or press ? or * to list all spells.
An electric hum fills the air.
Your lightning spire disappears in a puff of smoke!
The earth elemental misses you.
Casting: Summon Lightning Spire (mildly dangerous; 1% risk of failure)
Confirm with . or Enter, or press ? or * to list all spells.
Something hits your cactus giant!
Unknown command.
Something hits your cactus giant!! Something hits your cactus giant!!!
Something hits your cactus giant! Something hits your cactus giant.
Something hits your cactus giant! Something hits your cactus giant.
Something barely misses your cactus giant.
Something hits your cactus giant!!
Your cactus giant is destroyed!
Your cactus giant disappears in a puff of smoke!
Casting: Summon Cactus Giant (mildly dangerous; 1% risk of failure)
Confirm with . or Enter, or press ? or * to list all spells.
Nothing appears to happen.
The earth elemental hits you!
* * * LOW HITPOINT WARNING * * *
Unknown command.
As you read the scroll of teleportation, it crumbles to dust.
You feel strangely unstable. The earth elemental hits you!!
You die...
Your body rises from the dead as a mindless zombie.

## #.# #.# ## #.#
#.#C# ##.# ## #.##
#.# ##E## #.#
#@#8## ##.#
####.###.#
#.#.#.#.#
####.####
#######.#C#######
#...............##
.................#
.................#
......#...##.....#


You could see an earth elemental.

Vanquished Creatures
  A boulder beetle (D:12)
  3 two-headed ogres
  A deep elf pyromancer (D:13)
  A troll (D:14)
  3 blink frogs
  A wraith (D:10)
  A wyvern (D:9)
  3 yaks
  A basilisk (Lair:2)
  4 water moccasins
  2 orc warriors
  A black bear (Lair:2)
  An ogre (Orc:1)
  A wolf (Lair:5)
  A centaur (D:7)
  2 kobold brigands (D:6)
  5 bullfrogs
  A scorpion (D:7)
  A water moccasin zombie (Ossuary)
  A wight (D:9)
  4 killer bees
  2 howler monkeys
  2 centaur zombies (Ossuary)
  2 orc priests
  A bullfrog zombie (Ossuary)
  4 jellies
  A hound (D:7)
  3 iguanas
  A sleepcap (D:6)
  2 orc wizards
  4 gnolls
  5 adders
  A shadow imp (D:6)
  A white imp (D:6)
  2 adder zombies (Ossuary)
  2 worms (D:3)
  2 dart slugs
  10 orcs
  5 endoplasms
  7 giant cockroaches
  4 hobgoblins
  8 jackals
  18 kobolds
  2 quokkas
  10 ball pythons
  A bat (D:2)
  A frilled lizard (D:2)
  13 goblins
  An orc zombie (Ossuary)
  8 rats
162 creatures vanquished.

Vanquished Creatures (collateral kills)
  Kirke (Lair:3)
  A storm dragon (D:12)
  A fire giant (D:12)
  An orc warlord (Orc:2)
  The ghost of Ashim the Nimble, a journeyman HuAr of Gozag (Lair:2)
  Erolcha (Orc:2)
  4 vault guards (D:13)
  3 hydras
  4 boulder beetles
  An ogre mage (D:14)
  8 two-headed ogres
  2 catoblepae
  6 centaur warriors
  8 death yaks (Lair:5)
  A death knight (D:12)
  A deep troll shaman (Lair:5)
  The ghost of SuvarnaParana the Severer, a novice MiBe of Trog (D:9)
  2 tengu warriors (D:13)
  4 orc high priests (Orc:2)
  Sonja (D:10)
  A skyshark (Lair:5)
  A deep elf pyromancer (D:14)
  4 orc knights (Orc:2)
  A phantasmal warrior (D:12)
  5 orc sorcerers
  3 cyclopes
  2 manticores
  A will-o-the-wisp (Lair:3)
  An ugly thing (IceCv)
  An oklob plant (Lair:5)
  A salamander (Lair:3)
  12 elephants (Lair:5)
  Maurice (D:10)
  2 black mambas
  2 ice statues (IceCv)
  3 rime drakes
  9 cane toads
  4 kobold demonologists
  A yaktaur (D:15)
  3 unseen horrors
  Maggie (D:9)
  6 komodo dragons
  An efreet (D:14)
  A freezing wraith (IceCv)
  A tengu conjurer (D:13)
  A queen bee (D:11)
  Grinder (D:5)
  A meliai (shapeshifter) (D:13)
  A polar bear (Lair:5)
  10 trolls
  4 nameless horrors
  A hornet (Lair:2)
  24 blink frogs
  A blink frog (shapeshifter) (D:14)
  4 dream sheep (Lair:4)
  5 slime creatures (D:14)
  2 spriggans (Lair:2)
  A shapeshifter (D:13)
  3 shadows
  4 wyverns
  2 wraiths (D:12)
  9 basilisks
  32 yaks
  4 hogs (Lair:3)
  A death yak simulacrum (IceCv)
  A steam dragon (D:8)
  6 vampire mosquitoes
  2 wargs
  4 acid dragons
  18 water moccasins
  2 black bears (Lair:5)
  An ice beast (D:6)
  27 orc warriors
  11 ogres
  7 wolves
  A boggart (Lair:2)
  5 centaurs
  2 phantoms
  7 kobold brigands
  3 bullfrogs
  A gnoll sergeant (D:9)
  3 earth elementals (D:15)
  A cane toad simulacrum (IceCv)
  3 wights
  A yak zombie (D:10)
  45 killer bees
  7 howler monkeys
  2 centaur zombies (Ossuary)
  3 lava snakes (Lair:3)
  4 hounds
  14 orc priests
  A gnoll bouda (D:8)
  2 jellies
  4 iguanas
  17 orc wizards
  6 hell rats (Lair:5)
  A polar bear simulacrum (IceCv)
  A wolf simulacrum (IceCv)
  An ogre zombie (Ossuary)
  15 gnolls
  A river rat (D:3)
  4 adders
  A shadow imp (D:8)
  2 white imps
  An adder zombie (Ossuary)
  41 orcs
  2 endoplasms (D:4)
  4 giant cockroaches
  A goblin (D:3)
  24 kobolds
  A quokka (D:4)
  6 ball pythons
  2 bats
  2 frilled lizards (Sewer)
  2 gnoll zombies (Ossuary)
  4 goblin zombies (Ossuary)
  6 hobgoblin zombies (Ossuary)
  3 orc zombies
  A rat (D:3)
568 creatures vanquished.

Vanquished Creatures (others)
  A flayed ghost (D:12)
  A lindwurm (Lair:5)
  A deep elf pyromancer (D:12)
  A fire giant zombie (D:12)
  2 unseen horror zombies
  4 death yak zombies (Lair:5)
  A hydra zombie (Lair:2)
  2 boulder beetle zombies
  3 slime creature zombies (D:14)
  A human (Lair:3)
  A two-headed ogre zombie (D:13)
  A spectral efreet (D:14)
  3 cane toad zombies
  A dream sheep zombie (Lair:4)
  4 blink frog zombies
  A manticore zombie (D:13)
  3 hog zombies (Lair:3)
  An elf zombie (D:14)
  A rime drake zombie (Lair:3)
  3 vampire mosquito zombies
  2 komodo dragon zombies (Lair:5)
  A cyclops zombie (D:13)
  3 wyvern zombies
  9 water moccasin zombies
  3 troll zombies
  12 yak zombies
  A polar bear zombie (Lair:5)
  2 centaur zombies
  3 black bear zombies
  2 bullfrog zombies
  2 basilisk zombies
  2 orc wizards
  14 killer bee zombies
  2 ogre zombies
  A hell rat zombie (Lair:5)
  3 howler monkey zombies (D:12)
  35 orc zombies
  5 gnoll zombies
  A lava snake zombie (Lair:3)
  4 kobold zombies
  7 foxfires (Lair:3)
150 creatures vanquished.

Grand Total: 880 creatures vanquished

Notes
Turn   | Place    | Note
-------+----------+-------------------------------------------
     0 | D:1      | ChadusMaximus the Draconian Summoner began the quest for
                  | the Orb.
     0 | D:1      | Reached XP level 1. HP: 14/14 MP: 3/3
    58 | D:1      | Reached XP level 2. HP: 12/20 MP: 3/5
   704 | D:1      | Reached XP level 3. HP: 26/26 MP: 6/6
  1020 | D:2      | Found an ornate altar of the Wu Jian Council.
  1153 | D:2      | Reached skill level 5 in Summonings
  1153 | D:2      | Reached XP level 4. HP: 19/33 MP: 8/8
  1834 | D:3      | Found an iron altar of Okawaru.
  1846 | D:3      | Reached XP level 5. HP: 33/38 MP: 6/9
  2104 | D:3      | Learned a level 3 spell: Call Canine Familiar
  2107 | D:3      | Learned a level 2 spell: Call Imp
  2200 | D:3      | Found a glowing drain.
  2223 | Sewer    | Entered a sewer
  2465 | Sewer    | Reached skill level 6 in Summonings
  2476 | Sewer    | Reached XP level 6. HP: 27/45 MP: 7/11
  3048 | D:3      | Reached skill level 7 in Summonings
  3207 | D:3      | Found a hide-covered altar of Uskayaw.
  3210 | D:3      | Found a broken altar of Ashenzari.
  3213 | D:3      | Found an ornate altar of the Wu Jian Council.
  3573 | D:4      | Your scales start taking on a fiery red colour.
  3573 | D:4      | Reached XP level 7. HP: 47/50 MP: 7/13
  3573 | D:4      | Gained mutation: Your flesh is heat resistant. (rF+) [Red
                  | Draconian growth]
  4299 | D:5      | Entered Level 5 of the Dungeon
  4310 | D:5      | Noticed Grinder
  4334 | D:5      | Killed Grinder
  4335 | D:5      | Reached skill level 5 in Spellcasting
  4335 | D:5      | Reached skill level 8 in Summonings
  4363 | D:5      | Reached XP level 8. HP: 53/57 MP: 15/15
  4513 | D:5      | Found a sand-covered staircase.
  4517 | Ossuary  | Entered an ossuary
  4711 | Ossuary  | Reached skill level 9 in Summonings
  4788 | Ossuary  | Noticed a silent spectre
  4907 | D:5      | Found a glowing golden altar of the Shining One.
  5135 | D:5      | Learned a level 4 spell: Summon Lightning Spire
  5304 | D:5      | Found a burning altar of Makhleb.
  5314 | D:5      | Reached skill level 10 in Summonings
  5496 | D:5      | Identified a scroll of acquirement
  5498 | D:5      | Acquired 887 gold pieces
  5796 | D:6      | Reached XP level 9. HP: 51/62 MP: 18/18
  6447 | D:6      | Found a white marble altar of Elyvilon.
  6828 | D:7      | Reached skill level 11 in Summonings
  7016 | D:7      | Noticed a brown ugly thing
  7023 | D:7      | Noticed a green ugly thing
  7023 | D:7      | Noticed kij's ghost (novice MiBe)
  7048 | D:7      | Found a transporter.
  7048 | D:7      | Found a transporter.
  7049 | D:7      | Found a one-way gate to the infinite horrors of the Abyss.
  7158 | D:7      | Found a blossoming altar of Fedhas.
  7824 | D:7      | Found a staircase to the Ecumenical Temple.
  7833 | D:7      | Reached skill level 12 in Summonings
  7838 | Temple   | Entered the Ecumenical Temple
  7846 | Temple   | Became a worshipper of Yredelemnul the Dark
  8072 | D:8      | Reached * piety under Yredelemnul
  8606 | D:8      | Reached XP level 10. HP: 54/69 MP: 14/21
  8874 | D:8      | Noticed a two-headed ogre
  8886 | D:8      | Killed a two-headed ogre
  8949 | D:9      | Found a staircase to the Lair.
  9237 | D:9      | Reached skill level 13 in Summonings
  9730 | D:9      | Found a runed translucent door.
  9731 | D:9      | Noticed a two-headed ogre
  9732 | D:9      | Noticed SuvarnaParana's ghost (novice MiBe)
  9756 | D:9      | Noticed Maggie
  9766 | D:9      | Killed Maggie
 10300 | D:9      | Found a staircase to the Orcish Mines.
 10354 | D:9      | Reached skill level 14 in Summonings
 10369 | D:9      | Reached ** piety under Yredelemnul
 10508 | D:9      | Killed SuvarnaParana's ghost
 10509 | D:9      | Reached XP level 11. HP: 73/74 MP: 24/24
 10511 | D:9      | Killed a two-headed ogre
 10532 | D:9      | Identified the +8 falchion "Reufim" {antimagic, rPois}
 10546 | D:10     | Entered Level 10 of the Dungeon
 10646 | D:10     | Learned a level 7 spell: Summon Hydra
 10737 | D:10     | Reached skill level 1 in Fighting
 10887 | D:10     | Noticed Maurice
 10893 | D:10     | Killed Maurice
 11039 | D:10     | Noticed Sonja
 11152 | D:10     | Killed Sonja
 11282 | D:10     | Found Ciffobrio's Jewellery Shoppe.
 11852 | Lair:1   | Entered Level 1 of the Lair of Beasts
 11905 | Lair:1   | Identified the ring "Saden" {Fire Contam Str+2 Dex+3}
 12203 | Lair:1   | Reached *** piety under Yredelemnul
 12460 | Lair:1   | Reached **** piety under Yredelemnul
 12462 | Lair:1   | Reached ***** piety under Yredelemnul
 12876 | Lair:2   | Noticed a four-headed hydra
 12884 | Lair:2   | Killed a four-headed hydra
 12885 | Lair:2   | Reached skill level 5 in Fighting
 12885 | Lair:2   | Reached skill level 10 in Spellcasting
 13109 | Lair:2   | Reached skill level 5 in Dodging
 13235 | Lair:2   | Reached XP level 12. HP: 60/95 MP: 26/26
 13252 | Lair:2   | Reached skill level 15 in Summonings
 13615 | Lair:2   | Noticed a six-headed hydra
 13624 | Lair:2   | Killed a six-headed hydra
 13863 | Lair:2   | Found a runed translucent door.
 13866 | Lair:2   | Noticed Ashim's ghost (journeyman HuAr)
 13868 | Lair:2   | Identified the +3 spear of the Indestructible God {vamp,
                  | rN+}
 14157 | Lair:2   | Identified the +11 spear "Qasm" {antimagic, rN+++ Int-5
                  | Dex+3 Stlth-}
 14184 | Lair:2   | Learned a level 6 spell: Summon Cactus Giant
 14238 | Lair:2   | Killed Ashim's ghost
 14617 | Lair:3   | Noticed Kirke
 14623 | Lair:3   | Killed Kirke
 15074 | Lair:3   | Found a staircase to the Snake Pit.
 15298 | Lair:3   | Found a staircase to the Swamp.
 16036 | Lair:4   | Noticed a six-headed hydra
 16044 | Lair:4   | Killed a six-headed hydra
 16163 | Lair:4   | Reached XP level 13. HP: 97/110 MP: 27/27
 16833 | Lair:4   | Reached ****** piety under Yredelemnul
 17101 | Lair:5   | Entered Level 5 of the Lair of Beasts
 17101 | Lair:5   | Found a viscous altar of Jiyva.
 17101 | Lair:5   | Found a staircase to the Slime Pits.
 17357 | Lair:5   | Reached skill level 10 in Fighting
 18012 | Lair:5   | Reached skill level 16 in Summonings
 18283 | Lair:5   | Reached skill level 10 in Dodging
 18375 | Lair:5   | Reached XP level 14. HP: 106/122 MP: 25/29
 18714 | Lair:5   | Reached skill level 1 in Invocations
 19159 | Orc:1    | Entered Level 1 of the Orcish Mines
 19196 | Orc:1    | Found Wenoeb's Overcharged Wands.
 19294 | Orc:2    | Entered Level 2 of the Orcish Mines
 19294 | Orc:2    | Found a frozen archway.
 19299 | Orc:2    | Noticed an orc warlord
 19300 | Orc:2    | Found a staircase to the Elven Halls.
 19302 | Orc:2    | Noticed Erolcha
 19311 | Orc:2    | Killed an orc warlord
 19492 | Orc:2    | Killed Erolcha
 19495 | Orc:2    | Found Inleaph's Armour Shoppe.
 19507 | IceCv    | Entered an ice cave
 19518 | IceCv    | Found a transporter.
 19529 | IceCv    | Found a transporter.
 19596 | IceCv    | Got the Almanac of Nonlocality and Conflict
 20054 | Orc:2    | Reached skill level 5 in Invocations
 20487 | Orc:2    | Found Kihilu's Armour Boutique.
 20492 | Orc:2    | Found Wykle's Magic Scroll Emporium.
 20562 | Orc:2    | Bought a scroll of teleportation for 33 gold pieces
 20562 | Orc:2    | Bought a scroll of enchant armour for 82 gold pieces
 20562 | Orc:2    | Bought a scroll of enchant weapon for 82 gold pieces
 20562 | Orc:2    | Bought a scroll of identify for 22 gold pieces
 20562 | Orc:2    | Bought a scroll of identify for 22 gold pieces
 20562 | Orc:2    | Bought a scroll of blinking for 82 gold pieces
 20564 | Orc:2    | Found Vostroorch's Armour Emporium.
 20581 | Orc:2    | Found Tifiug's Distillery.
 20587 | Orc:2    | Bought the +2 pair of boots "Fipnodiy" {Harm rC+ Regen+
                  | Str-3} for 288 gold pieces
 20594 | Orc:2    | Bought the +0 pair of gloves of Intercession {rPois rF+
                  | Dex-3 Stlth+} for 249 gold pieces
 21358 | Orc:1    | Paralysed by an orc sorcerer for 3 turns
 22747 | D:12     | Found Monaeck's Jewellery Boutique.
 23606 | D:13     | Reached skill level 17 in Summonings
 23824 | D:12     | Noticed a storm dragon
 23829 | D:12     | Noticed a fire giant
 23838 | D:12     | Killed a storm dragon
 23848 | D:12     | Killed a fire giant
 23849 | D:12     | Reached XP level 15. HP: 89/128 MP: 15/31
 24449 | D:13     | Found a gate to the Vaults.
 24753 | D:13     | Reached skill level 18 in Summonings
 25214 | D:14     | Found a shimmering altar of Xom.
 25718 | D:14     | Found a shimmering altar of Xom.
 25719 | D:14     | Found a shimmering altar of Xom.
 25722 | D:14     | Found a shimmering altar of Xom.
 26298 | D:14     | Found a stormy altar of Qazlal.
 26691 | D:15     | Entered Level 15 of the Dungeon
 26754 | D:15     | Found a portal to a secret trove of treasure.
 26914 | D:15     | Slain by an earth elemental

Illustrated notes

Levels and vault maps discovered:
D:1:      nagdon_arrival_zigzag_paths, layout_rooms, minmay_misc_feat_alley
D:2:      layout_loops_ring, basic_altar, dreamdust_princess_bridge
D:3:      layout_loops_ring, grunt_temple_overflow_diamond,
          okawaru_altar_gauntlet_db, portal_sewer_entry_b,
          kennysheep_generic_room_14
D:4:      layout_rooms
D:5:      layout_cave_pools, makhleb_heckhound_becter,
          mainiacjoe_overflow_cross_hatched, nicolae_ossuary_entry_plus,
          uniq_grinder
D:6:      layout_basic, elyvilon_altar_3
D:7:      layout_loops_ring, fedhas_altar_1, minmay_temple_entry_fiery,
          gammafunk_ghost_abyssal_escape, kennysheep_generic_room_6
D:8:      layout_gridville
D:9:      layout_long_grid, dpeg_oklobed_lair,
          kennysheep_orc_monster_closet_entryway, ebering_ghost_inner_flame,
          uniq_maggie
D:10:     layout_roguey, minmay_gold_behind_fungi, kennysheep_small_square,
          uniq_sonja, uniq_maurice
D:11:     layout_basic, special_room [special_room_bee], minmay_strange_pillars,
          dreamdust_wishing_well
D:12:     minmay_klotski, layout_basic, serial_shops,
          nicolae_shop_tiny_real_fake_doors
D:13:     nicolae_BIG_FREAKIN_CUBE, layout_cave_pools,
          lightli_vaults_fourway_checkpoint
D:14:     layout_layer_cave, xom_redecorated, nicolae_qazlal_eye_of_the_storm
D:15:     gammafunk_depths_entry_grave, layout_loops_ring,
          hangedman_decor_clover_reticule, enter_trove_2,
          kennysheep_pointless_box, hangedman_cracks_in_the_wall
Temple:   eino_narrow_crystal_temple
Lair:1:   wander_river, layout_gridlike
Lair:2:   layout_concentric_octagons, ebering_ghost_funeral_grove
Lair:3:   layout_hall_layers, minmay_swamp_entry_wisps,
          nicolae_snake_entry_warm_welcome, grunt_forest_small_clearing_treed,
          uniq_kirke
Lair:4:   layout_big_grid
Lair:5:   grunt_lair_end_beastmaster, layout_cave_shapes, slime_entry_1,
          grunt_megastairs_3
Orc:1:    layout_diamond_mine, nicolae_shop_overcharged_wands
Orc:2:    st_orc_elflike, layout_caves, portal_ice_cave_entry_pillars_1,
          serial_shops, shop, uniq_erolcha

Skill      XL: |  1  2  3  4  5  6  7  8  9 10 11 12 13 14 15 |
---------------+----------------------------------------------+-----
Stealth        | 2 |  2.0
Dodging        | 2 5 7 10 | 10.2
Summonings     | 5 6 7 8 10 12 14 15 16 17 18 | 18.6
Spellcasting   | 3 4 5 6 7 9 10 11 12 13 | 13.6
Fighting       | 5 8 10 | 10.5
Invocations    | 7 |  7.5
Shields        | |  0.7

Action                     |  1- 3 |  4- 6 |  7- 9 | 10-12 | 13-15 || total
---------------------------+-------+-------+-------+-------+-------++-------
  Melee: Short sword       |    23 |       |       |       |       ||    23
         Unarmed           |     8 |       |       |       |       ||     8
         Tailslap          |    15 |    30 |    47 |    38 |    87 ||   217
         Punch             |     1 |     1 |     3 |     3 |     2 ||    10
         Spear             |   141 |   246 |   423 |   159 |   527 ||  1496
         Glaive            |       |       |       |   135 |       ||   135
   Cast: Summon Small Mamm |     6 |    21 |    21 |    21 |     7 ||    76
         Call Canine Famil |       |    10 |    32 |    37 |    26 ||   105
         Call Imp          |       |    10 |    15 |    16 |     2 ||    43
         Summon Lightning  |       |       |    10 |    48 |    84 ||   142
         Summon Hydra      |       |       |       |    10 |    88 ||    98
         Summon Cactus Gia |       |       |       |     9 |    95 ||   104
 Invoke: Recall Undead Har |       |       |     2 |     1 |       ||     3
         Dark Bargain      |       |       |       |       |     1 ||     1
Ability: Breathe Fire      |       |       |     4 |     1 |     1 ||     6
    Use: Scroll            |       |     7 |    13 |     3 |    14 ||    37
   Stab: Sleeping          |     3 |     4 |     5 |     5 |     3 ||    20
         Distracted        |     1 |     1 |     6 |     6 |     9 ||    23
 Armour: Skin              |    70 |   100 |   196 |   152 |   277 ||   795
  Dodge: Dodged            |    92 |   125 |   286 |   252 |   570 ||  1325
         Repelled          |       |       |       |     1 |     6 ||     7
